 Dungeon Crawl Stone Soup version 0.32-a0-791-gfc315c9ecd (webtiles) character file.

Game seed: 1134668896217774111

2 Kenran the Chiller (level 1, -2/14 HPs)
             Began as a Minotaur Ice Elementalist on Mar 20, 2024.
             Slain by a gnoll
             ... wielding a +0 club
              (6 damage)
             ... on level 1 of the Dungeon.
             The game lasted 00:00:19 (32 turns).

Kenran the Chiller (Minotaur Ice Elementalist)        Turns: 32, Time: 00:00:19

Health: -2/14      AC:  2    Str: 12    XL:     1   Next: 25%
Magic:  0/1        EV: 11    Int: 12    God:
Gold:   0          SH:  0    Dex: 10    Spells: 1/2 levels left

rFire   . . .        (no weapon)
rCold   . . .        (no shield)
rNeg    . . .        a - +0 robe
rPois   .            (helmet restricted)
rElec   .            (no cloak)
rCorr   .            (no gloves)
SInv    .            (no boots)
Will    .....        (no amulet)
Stlth   ++           (no ring)
HPRegen 0.22/turn    (no ring)
MPRegen 0.07/turn

%: no passive effects
@: no status effects
A: horns 2, retaliatory headbutt
a: no special abilities


You were on level 1 of the Dungeon.
You visited 1 branch of the dungeon, and saw 1 of its levels.

Inventory:

Armour
 a - a +0 robe (worn)
Potions
 b - a potion of magic


   Skills:
 - Level 2.1 Dodging
 - Level 1.5 Stealth
 + Level 0.7 Unarmed Combat
 - Level 1.3 Spellcasting
 - Level 2.9 Ice Magic


You had one spell level left.
You knew the following spells:

 Your Spells              Type           Power      Damage    Failure   Level
a - Freeze                Ice            28%        1d5       9%          1

Your spell library contained the following spells:

 Spells                   Type           Power      Damage    Failure   Level
 Frozen Ramparts          Ice            14%        1d3       26%         3
 Ozocubu's Armour         Ice            7%         N/A       26%         3
 Summon Ice Beast         Ice/Summ       4%         N/A       43%         3


Dungeon Overview and Level Annotations

Branches:
Dungeon (1/15)

Altars:


Innate Abilities, Weirdness & Mutations

You have a pair of horns on your head.
You reflexively headbutt those who attack you in melee.


Message History

The ball python constricts you.
The ball python's grasp on you weakens, but your attempt to escape fails.
The ball python bites you but does no damage.
The ball python constricts you.
You hit the ball python.
The ball python is heavily wounded.
The ball python bites you. The ball python constricts you.
You are too injured to fight recklessly!
You are too injured to fight recklessly!
You are too injured to fight recklessly!
You are too injured to fight recklessly!
You hit the ball python.
The ball python is severely wounded.
The rat squeaks loudly.
You hear a shout!
The ball python bites you. The ball python constricts you.
You hit the ball python.
You kill the ball python!
A rat is nearby!
You start resting.
A rat is nearby!
The rat closely misses you.
You hit the rat.
You kill the rat!
You start resting.
A gnoll comes into view. It is wielding a +0 club.
The gnoll hits you with a +0 club!
Ouch! That really hurt!
* * * LOW HITPOINT WARNING * * *
Okay, then.
You aren't carrying any scrolls.
Unknown command.
Casting: Freeze (safe; 9% risk of failure)
Confirm with . or Enter, or press ? or * to list all spells.
Aiming: Freeze (safe; 9% risk of failure)
Press: ? - help, Shift-Dir - straight line, f - gnoll
Aim: a gnoll, wielding a +0 club You freeze the gnoll.
The gnoll is lightly wounded.
The gnoll hits you with a +0 club.
You die...

..~~~.~.....~≈≈
...~~~....♣~~~~
~.♣~~~...$..~~~.
..........[.~~
~.~~≈......♣~~
...........♣.
..#.†....... #
#. #g# #.##.##@#
#.......#
.......##.#
....#.....# .##
#####.# #.#
##'## +...+
#.<.#


You could see a gnoll.

Vanquished Creatures
  A ball python (D:1)
  A rat (D:1)
2 creatures vanquished.

Notes
Turn   | Place    | Note
-------+----------+-------------------------------------------
     0 | D:1      | Kenran the Minotaur Ice Elementalist began the quest for
                  | the Orb.
     0 | D:1      | Reached XP level 1. HP: 14/14 MP: 1/1
    32 | D:1      | Slain by a gnoll

Illustrated notes

Levels and vault maps discovered:
D:1:      dpeg_arrival_radiant, layout_basic, serial_bayou, serial_bayou_ford_a,
          serial_bayou_crossing, serial_bayou_shore_a, serial_bayou_lagoon_a,
          serial_bayou_pond_b, serial_bayou_lake_a, minmay_misc_feat_cross,
          chequers_serial_rivers_marsh, minmay_pentomino_p2

Action                     || total
---------------------------++-------
  Melee: Unarmed           ||     4
   Cast: Freeze            ||     1
 Armour: Robe              ||     9
  Dodge: Dodged            ||     2

Table legend: (Time is in decaauts)
 A = Elapsed time spent in this place.
 B = Non-inter-level travel time spent in this place.
 C = Inter-level travel time spent in this place.
 D = Time resting spent in this place.
 E = Time spent auto-exploring this place.
 F = Levels seen in this place.
 G = Mean time per level.
                   A        B        C        D        E       F      G
               +--------+--------+--------+--------+--------+-----+--------+
         Total |     32 |     32 |      0 |     11 |      5 |   1 |   32.0 |
       Dungeon |     32 |     32 |      0 |     11 |      5 |   1 |   32.0 |
               +--------+--------+--------+--------+--------+-----+--------+

Top non-repeatable levels by time:
     D:1: 32 daAuts
